 Dungeon Crawl Stone Soup version 0.27-a0-25-g087482e4d5 (webtiles) character file.

Game seed: 15381171092466291574

4 DocSulfur the Sneak (level 1, 0/10 HPs)
             Began as a Kobold Enchanter on Jan 2, 2021.
             Slain by a jackal (2 damage)
             ... on level 1 of the Dungeon.
             The game lasted 00:00:57 (230 turns).

DocSulfur the Sneak (Kobold Enchanter)               Turns: 230, Time: 00:00:57

Health: 0/10       AC:  2    Str:  5    XL:     1   Next: 77%
Magic:  0/3        EV: 15    Int: 16    God:
Gold:   25         SH:  0    Dex: 15    Spells: 3/4 levels left

rFire    . . .     SeeInvis .   a - +1 dagger
rCold    . . .     Faith    .   (shield restricted)
rNeg     . . .     Spirit   .   b - +0 robe
rPois    .         Reflect  .   (no helmet)
rElec    .         Harm     .   (no cloak)
rCorr    .         Rampage  .   (no gloves)
Will     .....                  (no boots)
Stlth    ++++......             (no amulet)
HPRegen  0.03/turn              (no ring)
MPRegen  0.08/turn              (no ring)

@: no status effects
A: small, nightstalker 3
a: no special abilities


You were on level 1 of the Dungeon.
You visited 1 branch of the dungeon, and saw 1 of its levels.

You collected 25 gold pieces.

Inventory:

Hand Weapons
 a - a +1 dagger (weapon)
Armour
 b - a +0 robe (worn)
Scrolls
 d - a scroll of teleportation {unknown}
 f - a scroll of enchant weapon {unknown}
 g - a scroll of immolation {unknown}
Potions
 c - a potion of curing {unknown}
 e - a potion of brilliance {unknown}


   Skills:
 - Level 1.3 Short Blades
 - Level 2.4 Dodging
 + Level 4.1 Stealth
 + Level 2.2 Spellcasting
 + Level 0.2 Conjurations
 + Level 3.0 Hexes
 * Level 0.5 Ice Magic


You had 3 spell levels left.
You knew the following spells:

 Your Spells              Type           Power        Failure   Level
a - Corona                Hex            12%          6%          1

Your spell library contained the following spells:

 Spells                   Type           Power        Failure   Level
 Ensorcelled Hibernation  Hex/Ice        14%          14%         2
 Confusing Touch          Hex            11%          17%         3
 Tukima's Dance           Hex            11%          17%         3
 Dazzling Flash           Conj/Hex       14%          30%         3


Dungeon Overview and Level Annotations

Branches:
Dungeon (1/15)

Altars:


Innate Abilities, Weirdness & Mutations

You are small and have problems with some larger weapons.
You are completely attuned to the shadows.


Message History

The jackal is moderately wounded.
The jackal closely misses you.
You hit the jackal but do no damage.
The jackal is moderately wounded.
The jackal misses you. x2
You hit the jackal but do no damage.
The jackal is moderately wounded.
The jackal barely misses you.
You hit the jackal but do no damage.
The jackal is moderately wounded.
The jackal closely misses you.
You hit the jackal but do no damage.
The jackal is moderately wounded.
The jackal bites you.
* * * LOW HITPOINT WARNING * * *
The jackal closely misses you.
You hit the jackal but do no damage.
The jackal is moderately wounded.
The jackal bites you.
You die...

#+# #.# #..#
#####.##### #..#
#...'.'...# #..#
#.###.###@# #..# #.#
#.# #h#
#..###'###.###'###
#..'.............+
#..###'###.###'###..#
#..# #.# #†# #..# ###
#.[# #.# #.# #.# #..#
#.. #..# #.. +.+ ..#
#..# #.. #..# ### #.#
### #..## #..


You could see a jackal (corona).

Vanquished Creatures
  A leopard gecko (D:1)
  2 jackals (D:1)
3 creatures vanquished.

Notes
Turn   | Place    | Note
-------+----------+-------------------------------------------
     0 | D:1      | DocSulfur the Kobold Enchanter began the quest for the Orb.
     0 | D:1      | Reached XP level 1. HP: 10/10 MP: 3/3
   230 | D:1      | Slain by a jackal

Illustrated notes

Levels and vault maps discovered:
D:1:      dpeg_arrival_rooms_a, layout_rooms, minmay_door_square, st_stairs_14

Action                   || total
-------------------------++-------
Melee: Dagger            ||    19
 Cast: Corona            ||     5
 Stab: Sleeping          ||     1
Armor: Robe              ||     2
Dodge: Dodged            ||    20

Table legend: (Time is in decaauts)
 A = Elapsed time spent in this place.
 B = Non-inter-level travel time spent in this place.
 C = Inter-level travel time spent in this place.
 D = Time resting spent in this place.
 E = Time spent auto-exploring this place.
 F = Levels seen in this place.
 G = Mean time per level.
                   A        B        C        D        E       F      G
               +--------+--------+--------+--------+--------+-----+--------+
         Total |    228 |    228 |      0 |      0 |    190 |   1 |  228.0 |
       Dungeon |    228 |    228 |      0 |      0 |    190 |   1 |  228.0 |
               +--------+--------+--------+--------+--------+-----+--------+

Top non-repeatable levels by time:
     D:1: 228 daAuts
